 Dungeon Crawl Stone Soup version 0.17-a0-1164-g0ba867e (webtiles) character file.

109 DakoDarkAxe the Chopper (level 4, 0/34 HPs)
             Began as a Demonspawn Gladiator on May 28, 2015.
             Slain by a kobold (4 damage)
             ... on level 3 of the Dungeon.
             The game lasted 00:05:12 (1139 turns).

DakoDarkAxe the Chopper (Demonspawn Gladiator)      Turns: 1139, Time: 00:05:12

Health: 0/34       AC:  3    Str: 16    XL:     4   Next: 59%
Magic:  4/4        EV: 13    Int:  9    God:
Gold:   44         SH:  0    Dex: 14    Spells: 0 memorised, 3 levels left

rFire  . . .     SeeInvis .     a - +0 war axe
rCold  . . .     Clarity  +     b - +0 leather armour
rNeg   . . .     SustAt   .     (no shield)
rPois  .         Gourm    .     (helmet restricted)
rElec  .         Spirit   .     (no cloak)
rCorr  .         Warding  .     (no gloves)
rMut   .         Rnd*Tele +     (no boots)
MR     .....                    s - amulet of clarity
Stlth  ..........               l - ring of teleportation
                                h - ring of loudness

@: not resistant to hostile enchantments, extremely unstealthy
A: horns 1, spiny 2
a: Evoke Teleportation


You were on level 3 of the Dungeon.
You were not hungry.

You visited 1 branch of the dungeon, and saw 3 of its levels.

You collected 44 gold pieces.

Inventory:

Hand weapons
 a - a +0 war axe (weapon)
Missiles
 d - 3 throwing nets (quivered)
 f - 71 stones
Armour
 b - a +0 leather armour (worn)
 c - a +0 helmet
Jewellery
 h - a ring of loudness (left hand)
 l - a ring of teleportation (right hand)
 s - an amulet of clarity (around neck)
Scrolls
 n - a scroll of teleportation
 o - 2 scrolls of identify
Potions
 k - a potion of cancellation
 r - a potion of poison
Comestibles
 e - a bread ration
 i - a slice of pizza
 j - 2 meat rations


   Skills:
 + Level 2.5 Fighting
 + Level 3.5 Axes
 + Level 1.8 Throwing
 + Level 1.5 Armour
 + Level 3.4 Dodging


You had 3 spell levels left.
You didn't know any spells.

Dungeon Overview and Level Annotations

Branches:
Dungeon (3/15)

Altars:


Innate Abilities, Weirdness & Mutations

You are mostly covered in sharp spines.
You have a pair of small horns on your head.


Message History

Terence the Incautious comes into view.
He is wielding a hand axe of electrocution.
Terence shouts!
You hear a shout!
Terence closely misses you. Terence is struck by your spines.
Terence misses you. Terence is struck by your spines.
Terence barely misses you. Terence is struck by your spines.
Terence closely misses you.
An adder comes into view.
Terence is struck by your spines.
Terence hits you with a hand axe of electrocution.
* * * LOW HITPOINT WARNING * * *
Terence is struck by your spines.
You kill Terence!
The adder is struck by your spines. The adder bites you.
* * * LOW HITPOINT WARNING * * *
The adder is struck by your spines.
You kill the adder!
A kobold comes into view.
The kobold shouts!
You hear a shout!
You hear a shout!
The kobold hits you.
You die...

*<,>,,,,,* *,,,,,,,,*
*,,,,,,,,* *,,,,,,,,*
*** *,,,,,,,,* **,,
*,,,,,,,,* ***,,*
**,,,,,,#* **,,,**
*####..###***,,***
******#@K......>,,,**
##
**#.......###..##*****
#. ** *,..#######
**,** #. ,** *,**#####
*,,* **#. ,,**
#,*##...##
**,*******,.. ,,,*
#.##.....##
*,,,,,**,.## ,,,*
###.#.......##
*****,,,..,* ,,**
#............#
****#.*,,
.****#.###[).....##
****,,,..*,,


You could see a kobold.

Vanquished Creatures
  Terence (D:3)
  2 adders
  2 oozes (D:1)
  A worm (D:3)
  7 orcs (D:3)
  4 hobgoblins
  7 jackals (D:2)
  5 kobolds
  A quokka (D:2)
  A ball python (D:1)
  4 bats
  A giant newt (D:1)
  3 goblins
  8 rats
47 creatures vanquished.

Notes
Turn   | Place    | Note
--------------------------------------------------------------
     0 | D:1      | DakoDarkAxe the Demonspawn Gladiator began the quest for the Orb.
     0 | D:1      | Reached XP level 1. HP: 16/16 MP: 1/1
   100 | D:1      | Gained mutation: You are partially covered in sharp spines. [demonic ancestry]
   100 | D:1      | Reached XP level 2. HP: 6/22 MP: 2/2
   249 | D:1      | Reached skill level 3 in Axes
   527 | D:2      | Gained mutation: You are mostly covered in sharp spines. [demonic ancestry]
   527 | D:2      | Reached XP level 3. HP: 19/27 MP: 3/3
  1020 | D:3      | Gained mutation: You have a pair of small horns on your head. [potion of beneficial mutation]
  1082 | D:3      | Reached XP level 4. HP: 9/34 MP: 4/4
  1089 | D:3      | Reached skill level 1 in Armour
  1116 | D:3      | Noticed Terence
  1122 | D:3      | Killed Terence
  1139 | D:3      | Slain by a kobold

Vault maps used:
D:1:      dpeg_arrival_rhombus, minmay_misc_feat_cross,
          grunt_decor_mini_mirrors, minmay_misc_feat_hallway, minivault_24
D:3:      first_bread, uniq_terence, uniq_robin

Action                   |  1- 3 |  4- 6 || total
-------------------------+-------+-------++-------
Melee: War axe           |    54 |       ||    54
  Use: Scroll            |     5 |       ||     5
       Potion            |     4 |       ||     4
  Eat: Bread ration      |       |     1 ||     1
